 Dungeon Crawl Stone Soup version 0.29-a0-322-g68df515428 (webtiles) character file.

Game seed: 17320991721225597726

9471 kae the Arsonist (level 11, -5/66 HPs)
             Began as a Tengu Fire Elementalist on Apr 8, 2022.
             Was a Follower of Sif Muna.
             Slain by a slime creature (14 damage)
             ... on level 11 of the Dungeon.
             The game lasted 00:11:42 (14316 turns).

kae the Arsonist (Tengu Fire Elementalist)         Turns: 14316, Time: 00:11:43

Health: -5/66      AC: 12    Str: 10    XL:     11   Next: 47%
Magic:  3/19       EV: 19    Int: 26    God:    Sif Muna [*.....]
Gold:   1256       SH:  0    Dex: 20    Spells: 9/22 levels left

rFire   + . .      SeeInvis +   M - +4 rapier of Lumnei {flame, rF+ rN+}
rCold   + . .      Faith    .   (no shield)
rNeg    + . .      Spirit   .   o - +1 leather armour of the Meadowlark {Will+ Stlth+}
rPois   .          Reflect  .   n - +2 hat
rElec   .          Harm     .   C - +2 cloak
rCorr   .          Rampage  .   j - +1 pair of gloves {Dex+3}
Will    ++...                   (boots unavailable)
Stlth   +++.......              u - amulet of the acrobat
HPRegen 0.21/turn               y - ring "Hilot" {rC+ Int+6 SInv}
MPRegen 0.16/turn               q - ring of willpower

@: flying quickly and evasively, quick
A: beak, talons 3, nimble flight, agile 1, low MP 1, strong 1
a: Renounce Religion, Channel Magic


You were on level 11 of the Dungeon.
You worshipped Sif Muna.
Sif Muna was aware of your devotion.
You visited 2 branches of the dungeon, and saw 13 of its levels.

You collected 1968 gold pieces.
You spent 712 gold pieces at shops.

Inventory:

Hand Weapons
 c - a +0 spear of venom
 p - the +6 trident "Fiyrofih" {drain, +Blink rC- Will- Dex+5}
   (You bought it in a shop on level 2 of the Dungeon)

   A truly terrible weapon, it drains the life of any living foe it strikes.
   Dex:       It affects your dexterity (+5).
   rC:        It makes you vulnerable to cold.
   +Blink:    It lets you blink.
   Will:      It decreases your willpower.
 M - the +4 rapier of Lumnei (weapon) {flame, rF+ rN+}
   (You found it on level 10 of the Dungeon)

   It burns those it strikes, dealing additional fire damage.
   rF:        It protects you from fire.
   rN:        It protects you from negative energy.
Armour
 j - a +1 pair of gloves of dexterity (worn)
 n - a +2 hat (worn)
 o - the +1 leather armour of the Meadowlark (worn) {Will+ Stlth+}
   (You bought it in a shop on level 2 of the Dungeon)

   Will:      It increases your willpower.
   Stlth:     It makes you more stealthy.
 C - a +2 cloak (worn)
 J - a +2 robe of willpower
Jewellery
 i - a ring of positive energy
 q - a ring of willpower (right hand)
 u - an amulet of the acrobat (around neck)
 v - a ring of protection from fire
 w - an amulet of faith
 y - the ring "Hilot" (left hand) {rC+ Int+6 SInv}
   (You found it on level 5 of the Dungeon)

   [ring of see invisible]

   Int:       It affects your intelligence (+6).
   rC:        It protects you from cold.
   SInv:      It lets you see invisible.
 A - a ring of protection from fire
 B - a ring of poison resistance
 E - a ring of ice
 G - a ring of protection from fire
 O - a ring of ice
Wands
 e - a wand of flame (34)
 t - a wand of acid (16)
 L - a wand of iceblast (3)
 Q - a wand of paralysis (5)
Scrolls
 g - 3 scrolls of immolation
 k - a scroll of brand weapon
 r - 4 scrolls of fear
 s - 2 scrolls of teleportation
 z - 5 scrolls of amnesia
 H - a scroll of enchant armour
 I - a scroll of fog
Potions
 a - a potion of lignification
 b - 3 potions of magic
 d - a potion of invisibility
 f - 2 potions of degeneration
 h - 2 potions of resistance
 l - a potion of brilliance
 m - 3 potions of might
 x - 6 potions of curing
 D - a potion of haste
 F - 2 potions of ambrosia
 K - a potion of flight
 N - a potion of cancellation {unknown}
 P - a potion of attraction {unknown}
 R - 2 potions of heal wounds


   Skills:
 + Level 6.4 Fighting
 + Level 7.2 Armour
 + Level 7.6 Dodging
 - Level 2.0 Stealth
 + Level 6.4 Spellcasting
 + Level 8.8 Conjurations
 * Level 11.0 Fire Magic


You had 9 spell levels left.
You knew the following spells:

 Your Spells              Type           Power      Damage    Failure   Level
a - Foxfire               Conj/Fire      100%       2x1d9     1%          1
b - Scorch                Fire           100%       2d10      1%          2
c - Conjure Flame         Conj/Fire      56%        6-21      1%          3
d - Inner Flame           Hex/Fire       37%        N/A       2%          3
e - Flame Wave            Conj/Fire      56%        2d11      1%          4

Your spell library contained the following spells:

 Spells                   Type           Power      Damage    Failure   Level
 Magic Dart               Conj           100%       1d8       1%          1
 Shock                    Conj/Air       100%       1d9       1%          1
 Dazzling Flash           Conj/Hex       62%        N/A       4%          3
 Fireball                 Conj/Fire      28%        3d12      4%          5
 Iskenderun's Battlesphe  Conj           53%        2d10      6%          5
 Mephitic Cloud           Conj/Pois/Air  23%        N/A       8%          3
 Apportation              Tloc           16%        N/A       9%          1
 Call Imp                 Summ           8%         N/A       13%         2
 Ensorcelled Hibernation  Hex/Ice        16%        N/A       13%         2
 Passwall                 Tmut/Erth      6%         N/A       13%         2
 Sublimation of Blood     Necr           8%         N/A       13%         2
 Wereblood                Tmut           8%         N/A       13%         2
 Summon Guardian Golem    Hex/Summ       8%         N/A       26%         3
 Swiftness                Air            8%         N/A       26%         3
 Irradiate                Conj/Tmut      15%        3d18      36%         5
 Airstrike                Air            4%         N/A       63%         4
 Petrify                  Tmut/Erth      8%         N/A       63%         4
 Summon Lightning Spire   Summ/Air       8%         N/A       63%         4
 Orb of Destruction       Conj           26%        9d9       88%         7
 Conjure Ball Lightning   Conj/Air       15%        3x3d6     91%         6
 Agony                    Necr           8%         N/A       93%         5
 Alistair's Intoxication  Tmut/Pois      5%         N/A       93%         5
 Silence                  Hex/Air        4%         N/A       93%         5
 Summon Cactus Giant      Summ           4%         N/A       100%        6
 Spellforged Servitor     Conj/Summ      15%        N/A       100%        7
 Storm Form               Tmut/Air       4%         N/A       100%        7
 Summon Hydra             Summ           4%         N/A       100%        7
 Discord                  Hex            4%         N/A       100%        8
 Disjunction              Tloc           4%         N/A       100%        8
 Maxwell's Capacitive Co  Air            4%         ∞         100%        8


Dungeon Overview and Level Annotations

Branches:
Dungeon (12/15)            Temple (1/1) D:7            Lair (0/6) D:9
    Orc (0/2) D:10

Altars:
Ashenzari
Cheibriados
Dithmenos
Elyvilon
Fedhas
Gozag
Hepliaklqana
Kikubaaqudgha
Makhleb
Nemelex Xobeh
Okawaru
Qazlal
Ru
Sif Muna
Trog
Uskayaw
Vehumet
Wu Jian
Xom
Yredelemnul
Zin
The Shining One
Beogh

Shops:
D:2 =([   D:5 [

Annotations:
D:10 3 runed translucent doors, anonymous's ghost, journeyman DEIE


Innate Abilities, Weirdness & Mutations

You have a beak for a mouth.
You have claws for feet.
Your magical nature lets you fly swiftly and evasively.
You are agile. (Dex +2)
Your magical capacity is low. (-10% MP)
Your muscles are strong. (Str +2)


Message History

Casting: Scorch (safe; 1% risk of failure)
Confirm with . or Enter, or press ? or * to list all spells.
Flames lash the slime creature.
The slime creature is burned terribly!
The slime creature is almost dead.
The slime creature closely misses you. The slime creature misses you.
The slime creature completely misses you.
The slime creature closely misses you.
Casting: Scorch (safe; 1% risk of failure)
Confirm with . or Enter, or press ? or * to list all spells.
Flames lash the slime creature.
The slime creature is burned terribly!
You kill the slime creature!
Sif Muna accepts your kill. The slime creature hits you.
The slime creature hits you.
Casting: Scorch (safe; 1% risk of failure)
Confirm with . or Enter, or press ? or * to list all spells.
Flames lash the slime creature.
The slime creature is lightly wounded.
The slime creature's fire resistance burns away.
The slime creature hits you!
The slime creature hits you but does no damage.
Casting: Scorch (safe; 1% risk of failure)
Confirm with . or Enter, or press ? or * to list all spells.
Flames lash the slime creature.
The slime creature is burned terribly!
The slime creature is lightly wounded.
The slime creature hits you. The slime creature barely misses you.
Casting: Scorch (safe; 1% risk of failure)
Confirm with . or Enter, or press ? or * to list all spells.
Flames lash the slime creature.
The slime creature is burned terribly!
The slime creature is moderately wounded.
The slime creature hits you!
* * * LOW HITPOINT WARNING * * *
The slime creature closely misses you.
Casting: Scorch (safe; 1% risk of failure)
Confirm with . or Enter, or press ? or * to list all spells.
Flames lash the slime creature.
The slime creature is burned terribly!
The slime creature is severely wounded.
The slime creature hits you!
You die...

#. #. #. #. #. #####. #....P
############################..≈≈≈
................@J..........P≈♣≈≈
............................≈≈≈≈≈
....###........#......#....♣≈≈≈≈≈
....# #........#......#......≈≈≈≈
....###...............#.....≈.≈≈.
.(...........########.#....P≈≈≈≈≈
.............#......#)#....P≈≈≈P≈
...###########......#.#.....≈..≈.
...#...# #......#.........≈≈.


You could see a slime creature (combustible).

Vanquished Creatures
  Fannar (D:10)
  2 two-headed ogres
  Maurice (D:8)
  Psyche (D:8)
  A troll (D:11)
  Prince Ribbit (D:8)
  A slime creature (D:11)
  2 shadows
  9 yaks
  A water elemental (D:11)
  A wyvern (D:5)
  A spriggan (D:7)
  2 steam dragons
  Eustachio (D:4)
  3 wargs (D:9)
  An acid dragon (D:11)
  3 sky beasts
  4 orc warriors
  3 black bears (D:7)
  3 ice beasts
  2 ogres
  5 centaurs
  A phantom (D:7)
  A kobold brigand (D:6)
  A bullfrog (D:7)
  A necrophage (D:5)
  A gnoll sergeant (D:9)
  3 scorpions
  4 howler monkeys
  An electric eel (D:11)
  3 jellies
  6 hounds
  8 orc priests
  4 iguanas
  10 orc wizards
  9 gnolls
  6 adders
  A shadow imp (D:7)
  A white imp (D:6)
  2 ufetubi
  2 worms
  2 dart slugs (D:2)
  30 orcs
  6 ball pythons
  6 endoplasms
  7 giant cockroaches
  13 hobgoblins
  5 jackals
  2 quokkas
  2 bats
  2 frilled lizards
  4 goblins
  10 kobolds
  3 rats
206 creatures vanquished.

Vanquished Creatures (collateral kills)
  2 foxfires
2 creatures vanquished.

Vanquished Creatures (others)
  489 foxfires
  3 plants
492 creatures vanquished.

Grand Total: 700 creatures vanquished

Notes
Turn   | Place    | Note
-------+----------+-------------------------------------------
     0 | D:1      | kae the Tengu Fire Elementalist began the quest for the
                  | Orb.
     0 | D:1      | Reached XP level 1. HP: 10/10 MP: 4/4
   405 | D:1      | Reached XP level 2. HP: 13/16 MP: 3/6
   499 | D:1      | Learned a level 2 spell: Scorch
  1113 | D:1      | Reached XP level 3. HP: 20/20 MP: 5/7
  1457 | D:2      | Reached skill level 4 in Fire Magic
  1530 | D:2      | Found Ger Femo's Antique Armour Boutique.
  1541 | D:2      | Found Cetess's Antique Weapon Shop.
  1672 | D:2      | Reached skill level 1 in Armour
  1789 | D:2      | Reached skill level 1 in Fighting
  1838 | D:2      | Found Gagg's Jewellery Shop.
  1848 | D:2      | Reached XP level 4. HP: 25/25 MP: 3/8
  1949 | D:2      | Identified the +3 ring mail "Xoen" {Harm Stlth+}
  2387 | D:3      | Identified a scroll of acquirement
  2387 | D:3      | Acquired 1247 gold pieces
  2409 | D:2      | Bought a pair of runed gloves for 195 gold pieces
  2409 | D:2      | Bought an embroidered hat for 182 gold pieces
  2409 | D:2      | Bought a bronze leather armour for 182 gold pieces
  2409 | D:2      | Identified the +1 leather armour of the Meadowlark {Will+
                  | Stlth+} (You bought it in a shop on level 2 of the Dungeon)
  2436 | D:2      | Bought a warped trident for 153 gold pieces
  2436 | D:2      | Identified the +6 trident "Fiyrofih" {drain, +Blink rC-
                  | Will- Dex+5} (You bought it in a shop on level 2 of the
                  | Dungeon)
  2487 | D:3      | Learned a level 3 spell: Conjure Flame
  2827 | D:3      | Gained mutation: Your magical nature lets you fly swiftly
                  | and evasively. [Tengu growth]
  2827 | D:3      | Reached XP level 5. HP: 29/29 MP: 4/9
  3129 | D:4      | Noticed an ice beast
  3183 | D:4      | Killed an ice beast
  3392 | D:4      | Noticed an ogre
  3399 | D:4      | Killed an ogre
  3400 | D:4      | Reached skill level 5 in Fire Magic
  3400 | D:4      | Reached XP level 6. HP: 35/35 MP: 4/11
  3499 | D:4      | Noticed Eustachio
  4137 | D:5      | Entered Level 5 of the Dungeon
  4518 | D:5      | Identified the ring "Hilot" {rC+ Int+6 SInv}
  4554 | D:5      | Noticed a wyvern
  4835 | D:5      | Found Haida's Dragon-Slaying Spoils.
  5186 | D:5      | Reached XP level 7. HP: 27/40 MP: 1/12
  5365 | D:5      | Killed a wyvern
  5495 | D:5      | Reached skill level 6 in Fire Magic
  5667 | D:5      | Reached XP level 8. HP: 25/46 MP: 2/14
  6352 | D:6      | Learned a level 3 spell: Inner Flame
  6357 | D:6      | Learned a level 4 spell: Flame Wave
  6465 | D:6      | Reached skill level 5 in Conjurations
  6638 | D:6      | Reached skill level 7 in Fire Magic
  7176 | D:7      | Found a staircase to the Ecumenical Temple.
  7263 | D:7      | Found a bloodstained altar of Trog.
  7531 | D:7      | Noticed a spriggan hatter
  7558 | D:7      | Reached XP level 9. HP: 32/52 MP: 5/16
  7565 | D:7      | Reached skill level 5 in Dodging
  8075 | D:7      | Reached skill level 8 in Fire Magic
  8171 | D:7      | Reached skill level 5 in Armour
  8689 | D:7      | Gained mutation: Your muscles are strong. (Str +2) [potion
                  | of mutation]
  8689 | D:7      | Gained mutation: Your magical capacity is low. (-10% MP)
                  | [potion of mutation]
  8689 | D:7      | Gained mutation: You are agile. (Dex +2) [potion of
                  | mutation]
  8697 | Temple   | Entered the Ecumenical Temple
  8993 | Temple   | Became a worshipper of Sif Muna the Loreminder
  9419 | D:8      | Noticed Prince Ribbit
  9429 | D:8      | Killed Prince Ribbit
  9430 | D:8      | Reached skill level 5 in Spellcasting
  9648 | D:8      | Noticed Psyche
  9715 | D:8      | Reached XP level 10. HP: 37/58 MP: 10/16
  9726 | D:8      | Noticed Maurice
  9754 | D:8      | Killed Maurice
  9755 | D:8      | Reached skill level 5 in Fighting
  9755 | D:8      | Reached skill level 9 in Fire Magic
 10038 | D:8      | Killed Psyche
 10176 | D:8      | Found a shadowy altar of Dithmenos.
 10538 | D:4      | Killed Eustachio
 10778 | D:9      | Reached * piety under Sif Muna
 11016 | D:9      | Found a basalt altar of Yredelemnul.
 11393 | D:9      | Found a staircase to the Lair.
 11641 | D:9      | Noticed a two-headed ogre
 11655 | D:9      | Killed a two-headed ogre
 11656 | D:9      | Reached skill level 10 in Fire Magic
 12091 | D:10     | Entered Level 10 of the Dungeon
 12207 | D:10     | Reached XP level 11. HP: 52/64 MP: 16/19
 12700 | D:10     | Identified the +4 rapier of Lumnei {flame, rF+ rN+}
 12790 | D:10     | Found an iron altar of Okawaru.
 12790 | D:10     | Found a glowing golden altar of the Shining One.
 12790 | D:10     | Found a stormy altar of Qazlal.
 12817 | D:10     | Found a runed translucent gate.
 12817 | D:10     | Found a runed translucent gate.
 12817 | D:10     | Found a runed translucent gate.
 12818 | D:10     | Noticed a 12-headed hydra
 12818 | D:10     | Noticed a nine-headed hydra
 12819 | D:10     | Noticed anonymous's ghost (journeyman DEIE)
 12831 | D:10     | Found a staircase to the Orcish Mines.
 12853 | D:10     | Noticed Fannar
 13058 | D:10     | Killed Fannar
 13894 | D:11     | Noticed a two-headed ogre
 13930 | D:11     | Killed a two-headed ogre
 14103 | D:11     | Reached skill level 11 in Fire Magic
 14316 | D:11     | Slain by a slime creature

Illustrated notes

Levels and vault maps discovered:
D:1:      ncdulo_halloftheorcs, layout_basic, serial_bayou_crossing
D:2:      layout_rooms, serial_shops, nicolae_shop_trees, nicolae_square_shop,
          shop
D:3:      layout_rooms, minmay_misc_feat_cross
D:4:      layout_loops_ring, chequers_mini_garden, uniq_eustachio
D:5:      minmay_diamond_boxcup, layout_basic, nicolae_shop_dragon_depot
D:6:      layout_gridville
D:7:      layout_basic, trog_ov_bears_minmay, minmay_temple_entry_sparse_star,
          the_hattery
D:8:      layout_cave_pools, nicolae_dithmenos_the_darkroom,
          uniq_prince_ribbit1, uniq_maurice, uniq_psyche
D:9:      layout_grid_maze, amcnicky_altar_gilded, erik_lair_orcish_takeover,
          minmay_misc_feat_plants
D:10:     layout_gridville, gammafunk_temple_overflow_forgotten,
          minmay_orc_entry_temple_small, gammafunk_ghost_hydra_chop, uniq_fannar
D:11:     layout_stronghold, serial_bayou, serial_bayou_pond_b,
          serial_bayou_pond_e, serial_bayou_shore_a, serial_bayou_pond_c
D:12:     layout_irregular_city
Temple:   compressed_dpeg_circular_temple

Skill      XL: |  1  2  3  4  5  6  7  8  9 10 11 |
---------------+----------------------------------+-----
Conjurations   | 2 3 4 5 6 8 |  8.8
Fire Magic     | 4 5 6 7 8 10 11 | 11.0
Armour         | 1 2 3 4 5 6 7 |  7.2
Fighting       | 1 2 3 4 5 6 |  6.4
Dodging        | 3 4 5 7 |  7.6
Spellcasting   | 3 4 5 6 |  6.4
Stealth        | |  2.0

Action                   |  1- 3 |  4- 6 |  7- 9 | 10-12 || total
-------------------------+-------+-------+-------+-------++-------
Melee: Spear             |    31 |    37 |    30 |    82 ||   180
       Unarmed           |     4 |       |       |       ||     4
       Kick              |    11 |    10 |    14 |    33 ||    68
       Peck              |     3 |     4 |     5 |    21 ||    33
       Punch             |       |     1 |       |     1 ||     2
       Rapier            |       |       |       |     6 ||     6
 Cast: Foxfire           |    36 |    55 |   155 |    58 ||   304
       Scorch            |    12 |    20 |    50 |    43 ||   125
       Conjure Flame     |       |     1 |     8 |     2 ||    11
       Flame Wave        |       |       |     2 |    13 ||    15
       Inner Flame       |       |       |       |     4 ||     4
  Use: Scroll            |     5 |     7 |     8 |     4 ||    24
       Potion            |       |       |     3 |       ||     3
 Stab: Sleeping          |       |     1 |       |     2 ||     3
Armor: Robe              |     9 |       |       |       ||     9
       Leather armour    |       |    23 |    68 |    35 ||   126
Dodge: Dodged            |    20 |    47 |   136 |   176 ||   379

Table legend: (Time is in decaauts)
 A = Elapsed time spent in this place.
 B = Non-inter-level travel time spent in this place.
 C = Inter-level travel time spent in this place.
 D = Time resting spent in this place.
 E = Time spent auto-exploring this place.
 F = Levels seen in this place.
 G = Mean time per level.
                   A        B        C        D        E       F      G
               +--------+--------+--------+--------+--------+-----+--------+
         Total |  13725 |  13111 |    614 |   1803 |   9343 |  13 | 1055.8 |
       Dungeon |  13436 |  12843 |    593 |   1606 |   9294 |  12 | 1119.7 |
        Temple |    289 |    269 |     20 |    196 |     48 |   1 |  289.0 |
               +--------+--------+--------+--------+--------+-----+--------+

Top non-repeatable levels by time:
     D:5: 1754 daAuts
     D:7: 1718 daAuts
     D:6: 1358 daAuts
     D:1: 1340 daAuts
    D:10: 1285 daAuts
     D:9: 1249 daAuts
     D:4: 1174 daAuts
     D:2: 1117 daAuts
     D:8: 940 daAuts
    D:11: 835 daAuts
     D:3: 659 daAuts
  Temple: 289 daAuts
    D:12: 2 daAuts
